 Dungeon Crawl Stone Soup version 0.31-a0-222-gefeffbb62a (webtiles) character file.

Game seed: 10032529336531402488

67 LnG the Caller (level 4, 0/24 HPs)
             Began as a Kobold Summoner on July 5, 2023.
             Was an Initiate of Dithmenos.
             Slain by an adder (3 damage)
             ... on level 3 of the Dungeon.
             The game lasted 00:07:28 (2375 turns).

LnG the Caller (Kobold Summoner)                    Turns: 2375, Time: 00:07:29

Health: 0/24       AC:  3    Str:  5    XL:     4   Next: 40%
Magic:  5/8        EV: 15    Int: 18    God:    Dithmenos [......]
Gold:   282        SH:  0    Dex: 15    Spells: 2/8 levels left

rFire   . . .        d - +0 dagger
rCold   . . .        (no shield)
rNeg    . . .        a - +1 robe
rPois   .            (no helmet)
rElec   .            (no cloak)
rCorr   .            (no gloves)
SInv    .            (no boots)
Will    .....        (no amulet)
Stlth   ++++         (no ring)
HPRegen 0.24/turn    (no ring)
MPRegen 0.11/turn

%: no passive effects
@: no status effects
A: small, no large weapons, nightstalker 3
a: Renounce Religion


You were on level 3 of the Dungeon.
You worshipped Dithmenos.
Dithmenos was noncommittal.
You visited 1 branch of the dungeon, and saw 3 of its levels.

You collected 282 gold pieces.

Inventory:

Hand Weapons
 d - a +0 dagger (weapon)
Missiles
 m - 2 throwing nets
Armour
 a - a +1 robe (worn)
Scrolls
 e - a scroll of amnesia {unknown}
 g - 3 scrolls of enchant armour
 i - a scroll of enchant weapon {unknown}
 k - a scroll of immolation {unknown}
 l - 2 scrolls of identify {unknown}
Potions
 b - a potion of magic
 c - a potion of experience {unknown}
 f - 2 potions of heal wounds {unknown}
 h - 2 potions of lignification {unknown}
 j - a potion of mutation {unknown}


   Skills:
 + Level 0.2 Fighting
 + Level 1.0 Short Blades
 * Level 3.0 Dodging
 * Level 4.0 Stealth
 + Level 2.8 Spellcasting
 + Level 4.3 Summonings


You had 2 spell levels left.
You knew the following spells:

 Your Spells              Type           Power      Damage    Failure   Level
a - Summon Small Mammal   Summ           72%        N/A       2%          1
b - Call Imp              Summ           36%        N/A       4%          2
c - Call Canine Familiar  Summ           18%        N/A       9%          3

Your spell library contained the following spells:

 Spells                   Type           Power      Damage    Failure   Level
 Summon Guardian Golem    Hex/Summ       10%        N/A       21%         3
 Dazzling Flash           Conj/Hex       4%         N/A       45%         3
 Volatile Blastmotes      Fire/Tloc      4%         2d10      45%         3
 Summon Lightning Spire   Summ/Air       10%        N/A       56%         4
 Iskenderun's Mystic Bla  Conj/Tloc      2%         2d3       86%         4
 Starburst                Conj/Fire      1%         6d3       100%        6


Dungeon Overview and Level Annotations

Branches:
Dungeon (3/15)

Altars:
Dithmenos
Hepliaklqana
Sif Muna

Shops:
D:2 =

Annotations:
D:3 Grinder


Innate Abilities, Weirdness & Mutations

You are small and have problems with some larger weapons.
You are completely attuned to the shadows.


Message History

The spell is quite dangerous to miscast (9% risk of failure)!
Continue anyway?
You miscast Call Canine Familiar.
You are very lightly contaminated with residual magic.
Nothing appears to happen.
The quokka bites you but does no damage.
The quokka attacks as you move away! The quokka barely misses you.
Your cerulean imp closely misses the quokka.
The adder closely misses your cerulean imp.
The quokka attacks as you move away! The quokka bites you.
Your cerulean imp barely misses the quokka.
The quokka bites you. The quokka closely misses you.
The adder barely misses your cerulean imp.
The quokka attacks as you move away! The quokka bites you.
An endoplasm comes into view.
The adder barely misses you.
Your cerulean imp hits the quokka with a -3 spear.
The adder attacks as you move away! The adder bites you.
* * * LOW HITPOINT WARNING * * *
You are poisoned.
The adder poisons you!
You feel sick. The quokka misses you. The adder bites you.
* * * LOW HITPOINT WARNING * * *
The quokka attacks as you move away! The quokka barely misses you.
You feel sick.
Your cerulean imp hits the adder with a -3 spear.
As you read the scroll labelled ILIPSUE HOYGH, it crumbles to dust.
It is a scroll of enchant armour.
Your +0 robe glows green for a moment.
You feel sick. The adder bites you but does no damage. The quokka misses you.
Your cerulean imp closely misses the adder.
Your magical contamination has completely faded away.
The quokka attacks as you move away! The quokka misses you.
The adder attacks as you move away! The adder barely misses you.
You feel sick.
You are no longer poisoned.
The adder closely misses you.
Casting: Call Canine Familiar (quite dangerous; 9% risk of failure)
Confirm with . or Enter, or press ? or * to list all spells.
The quokka barely misses you. The adder bites you.
You die...

#.# ####.### ...)...#
#####.#.## .........#
##.......### #.........
#.##.#..# #.##.#@r#
.....rS.# #....J5.# ..
..####...###.... .#
#.###.....##.......## .#
#.##.......#........#
.#######.#.................#
.S.....†.'..............†..#
##....####...........5...).#


You could see an adder (ally target), an endoplasm, a quokka, a friendly
cerulean imp (summoned) and a friendly quokka (summoned).

Vanquished Creatures
  2 adders (D:2)
  2 dart slugs (D:2)
  2 ball pythons
  2 endoplasms
  A giant cockroach (D:1)
  3 hobgoblins
  4 kobolds
  2 quokkas
  2 bats
  5 frilled lizards
  6 goblins
  A rat (D:2)
32 creatures vanquished.

Vanquished Creatures (collateral kills)
  An endoplasm (D:1)
  A goblin (D:1)
  A quokka (D:3)
  2 ball pythons
  A frilled lizard (D:1)
  5 kobolds (D:1)
  A rat (D:1)
12 creatures vanquished.

Grand Total: 44 creatures vanquished

Notes
Turn   | Place    | Note
-------+----------+-------------------------------------------
     0 | D:1      | LnG the Kobold Summoner began the quest for the Orb.
     0 | D:1      | Reached XP level 1. HP: 10/10 MP: 3/3
   169 | D:1      | Reached XP level 2. HP: 12/15 MP: 1/5
   172 | D:1      | Learned a level 2 spell: Call Imp
   498 | D:1      | Reached skill level 1 in Short Blades
  1098 | D:2      | Reached XP level 3. HP: 19/19 MP: 6/6
  1102 | D:2      | Learned a level 3 spell: Call Canine Familiar
  1254 | D:2      | Found a shadowy altar of Dithmenos.
  1259 | D:2      | Became a worshipper of Dithmenos the Shadowed
  1708 | D:2      | Reached XP level 4. HP: 24/24 MP: 8/8
  1814 | D:2      | Found Byafeatu's Jewellery Emporium.
  1915 | D:3      | Found a shimmering blue altar of Sif Muna.
  2089 | D:3      | Found a hazy altar of Hepliaklqana.
  2345 | D:3      | Noticed Grinder
  2375 | D:3      | Slain by an adder

Illustrated notes

Levels and vault maps discovered:
D:1:      saegor_arrival_simple_a, layout_basic, lexackson_kobold_supper
D:2:      minmay_door_path, layout_basic, basic_altar, serial_shops, shop
D:3:      layout_loops_corners, amcnicky_altar_gilded, lightli_temple_of_fire,
          nicolae_sif_muna_condensation, minmay_misc_feat_ornament,
          cheibrodos_gnoll_hut, uniq_grinder

Skill      XL: |  1  2  3  4 |
---------------+-------------+-----
Short Blades   | 1 |  1.0
Stealth        | 3 4 |  4.0
Dodging        | 3 |  3.0
Fighting       | |  0.2
Spellcasting   | |  2.8
Summonings     | |  4.3

Action                     |  1- 3 |  4- 6 || total
---------------------------+-------+-------++-------
  Melee: Dagger            |   124 |    29 ||   153
         Punch             |     3 |       ||     3
   Cast: Summon Small Mamm |     6 |     1 ||     7
         Call Imp          |     4 |     1 ||     5
    Use: Scroll            |       |     1 ||     1
   Stab: Sleeping          |    16 |     4 ||    20
 Armour: Robe              |    14 |     3 ||    17
  Dodge: Dodged            |    37 |    35 ||    72

Table legend: (Time is in decaauts)
 A = Elapsed time spent in this place.
 B = Non-inter-level travel time spent in this place.
 C = Inter-level travel time spent in this place.
 D = Time resting spent in this place.
 E = Time spent auto-exploring this place.
 F = Levels seen in this place.
 G = Mean time per level.
                   A        B        C        D        E       F      G
               +--------+--------+--------+--------+--------+-----+--------+
         Total |   2368 |   2329 |     39 |      0 |   1723 |   3 |  789.3 |
       Dungeon |   2368 |   2329 |     39 |      0 |   1723 |   3 |  789.3 |
               +--------+--------+--------+--------+--------+-----+--------+

Top non-repeatable levels by time:
     D:1: 1083 daAuts
     D:2: 810 daAuts
     D:3: 474 daAuts
